PBL
HAMILTON CARDINALS @ DETROIT RED WINGS
09/11/2047
 
TOP OF THE 1ST
Hamilton Cardinals batting - Pitching for Detroit Red Wings : RHP Felipe Guevara
Pitching: RHP Felipe Guevara
Batting: RHB Jonathan Winkler 0-0: Ball
1-0: Ball
2-0: Called Strike
2-1: Foul Ball, location: 2F
2-2: Ball
3-2: Strikes out swinging
Batting: RHB Juan Carrillo 0-0: Ball
1-0: Fly out, F9 (Line Drive, 9, EV 90.0 MPH)
Batting: RHB Mario Carbajal 0-0: Called Strike
0-1: Foul Ball, location: 2F
0-2: Strikes out swinging
Top of the 1st over - 0 runs, 0 hits, 0 errors, 0 left on base; Hamilton 0 - Detroit 0
BOTTOM OF THE 1ST
Detroit Red Wings batting - Pitching for Hamilton Cardinals : LHP Matt Rossiter
Pitching: LHP Matt Rossiter
Batting: RHB Alex Duarte 0-0: Ball
1-0: Fly out, F6 (Popup, 56D, EV 69.4 MPH)
Batting: RHB Carlos Avila 0-0: Ball
1-0: Ball
2-0: Swinging Strike
2-1: Ground out 6-3 (Groundball, 6, EV 86.2 MPH)
Batting: RHB Yankel Pensak 0-0: Called Strike
0-1: Ball
1-1: Foul Ball, location: 2F
1-2: Ball
2-2: Strikes out looking
Bottom of the 1st over - 0 runs, 0 hits, 0 errors, 0 left on base; Hamilton 0 - Detroit 0
TOP OF THE 2ND
Hamilton Cardinals batting - Pitching for Detroit Red Wings : RHP Felipe Guevara
Batting: LHB Rafael Banda 0-0: Called Strike
0-1: Ball
1-1: Ball
2-1: Foul Ball, location: 2F
2-2: Strikes out swinging
Batting: RHB Pablo Nunez 0-0: Called Strike
0-1: Called Strike
0-2: Ball
1-2: Ball
2-2: Strikes out swinging
Batting: SHB J.T. Ready 0-0: Called Strike
0-1: SINGLE (Groundball, 4MD, EV 100.0 MPH)
Batting: RHB Shou-feng Chang 0-0: Called Strike
0-1: Ball
1-1: Called Strike
1-2: Strikes out looking
Top of the 2nd over - 0 runs, 1 hit, 0 errors, 1 left on base; Hamilton 0 - Detroit 0
BOTTOM OF THE 2ND
Detroit Red Wings batting - Pitching for Hamilton Cardinals : LHP Matt Rossiter
Batting: RHB António Scarlett 0-0: Ball
1-0: Called Strike
1-1: Foul Ball, location: 2F
1-2: Ball
2-2: Fly out, F9 (Flyball, 9D, EV 84.4 MPH)
Batting: SHB Isaiah Bias 0-0: Ball
1-0: Called Strike
1-1: Ball
2-1: Ball
3-1: Base on Balls
Batting: LHB Duda Pinho 0-0: Ball
Wild Pitch!
Isaiah Bias to second
1-0: Fly out, F9 (Flyball, 89S, EV 84.4 MPH)
Batting: LHB Iestyn Peacock 0-0: Swinging Strike
0-1: TRIPLE (Line Drive, 78XD, EV 104.4 MPH)
Isaiah Bias scores
Batting: SHB Franklin Garza 0-0: Ball
1-0: SINGLE (Groundball, 34D, EV 98.8 MPH) (infield hit)
Iestyn Peacock scores
Batting: RHB Yuusou Honda 0-0: Called Strike
0-1: Swinging Strike
0-2: Strikes out looking
Bottom of the 2nd over - 2 runs, 2 hits, 0 errors, 1 left on base; Hamilton 0 - Detroit 2
TOP OF THE 3RD
Hamilton Cardinals batting - Pitching for Detroit Red Wings : RHP Felipe Guevara
Batting: LHB Pete Mitchell 0-0: Ball
1-0: Ball
2-0: Fly out, F7 (Flyball, 7, EV 88.8 MPH)
Batting: SHB Brad Meyer 0-0: Fly out, F8 (Flyball, 8LXD, EV 96.2 MPH)
Batting: RHB Jonathan Winkler 0-0: Called Strike
0-1: Ball
1-1: Ball
2-1: Ground out 5-3 (Groundball, 56, EV 81.9 MPH)
Top of the 3rd over - 0 runs, 0 hits, 0 errors, 0 left on base; Hamilton 0 - Detroit 2
BOTTOM OF THE 3RD
Detroit Red Wings batting - Pitching for Hamilton Cardinals : LHP Matt Rossiter
Batting: RHB Alex Duarte 0-0: Reached on error, E6 (Groundball, 6, EV 85.0 MPH)
Batting: RHB Carlos Avila 0-0: Ball
1-0: Ball
2-0: Called Strike
2-1: Ball
3-1: Swinging Strike
3-2: Strikes out looking
Batting: RHB Yankel Pensak 0-0: Called Strike
0-1: Foul Ball, location: 2F
0-2: Ball
1-2: Strikes out looking
Batting: RHB António Scarlett 0-0: Called Strike
0-1: Ball
1-1: Called Strike
1-2: Ball
2-2: Strikes out swinging
Bottom of the 3rd over - 0 runs, 0 hits, 1 error, 1 left on base; Hamilton 0 - Detroit 2
TOP OF THE 4TH
Hamilton Cardinals batting - Pitching for Detroit Red Wings : RHP Felipe Guevara
Batting: RHB Juan Carrillo 0-0: Ball
1-0: Bunted foul
1-1: Fly out, F8 (Line Drive, 8LM, EV 88.1 MPH)
Batting: RHB Mario Carbajal 0-0: Ball
1-0: Ball
2-0: Ball
3-0: Fly out, F9 (Flyball, 9LS, EV 88.1 MPH)
Batting: LHB Rafael Banda 0-0: Ball
1-0: Fly out, F8 (Flyball, 89D, EV 95.0 MPH)
Top of the 4th over - 0 runs, 0 hits, 0 errors, 0 left on base; Hamilton 0 - Detroit 2
BOTTOM OF THE 4TH
Detroit Red Wings batting - Pitching for Hamilton Cardinals : LHP Matt Rossiter
Batting: SHB Isaiah Bias 0-0: Called Strike
0-1: Foul Ball, location: 2F
0-2: Ball
1-2: SINGLE (Groundball, 34D, EV 106.9 MPH)
Batting: LHB Duda Pinho 0-0: Ball
1-0: Fielders Choice at 2nd, 3-6 (Groundball, 3, EV 102.5 MPH)
Batting: LHB Iestyn Peacock 0-0: Ball
1-0: Swinging Strike
1-1: Fielders Choice at 2nd, 1-6 (Groundball, 34S, EV 73.1 MPH)
Batting: SHB Franklin Garza 0-0: Ball
1-0: Ball
Passed Ball!
Iestyn Peacock to second
2-0: SINGLE (Groundball, 34D, EV 108.1 MPH)
Iestyn Peacock to third
Throwing error, E9
Iestyn Peacock scores
Franklin Garza to second
Batting: RHB Yuusou Honda 0-0: Ground out 6-3 (Groundball, 6S, EV 89.4 MPH)
Bottom of the 4th over - 1 run, 2 hits, 1 error, 1 left on base; Hamilton 0 - Detroit 3
TOP OF THE 5TH
Hamilton Cardinals batting - Pitching for Detroit Red Wings : RHP Felipe Guevara
Batting: RHB Pablo Nunez 0-0: Ball
1-0: Swinging Strike
1-1: Foul Ball, location: 2F
1-2: Strikes out looking
Batting: SHB J.T. Ready 0-0: Ball
1-0: Foul Ball, location: 2F
1-1: Ball
2-1: SOLO HOME RUN (Flyball, 7D, EV 98.8 MPH), Distance : 389 ft
Batting: RHB Shou-feng Chang 0-0: Ball
1-0: Ball
2-0: Fly out, F8 (Flyball, 8LM, EV 86.2 MPH)
Batting: LHB Pete Mitchell 0-0: Fly out, F9 (Flyball, 9LSF, EV 86.2 MPH)
Top of the 5th over - 1 run, 1 hit, 0 errors, 0 left on base; Hamilton 1 - Detroit 3
BOTTOM OF THE 5TH
Detroit Red Wings batting - Pitching for Hamilton Cardinals : LHP Matt Rossiter
Batting: RHB Alex Duarte 0-0: Called Strike
0-1: Ball
1-1: Foul Ball, location: 2F
1-2: Foul Ball, location: 2F
1-2: SOLO HOME RUN (Flyball, 89XD, EV 111.2 MPH), Distance : 428 ft
Batting: RHB Carlos Avila 0-0: Ball
1-0: SINGLE (Line Drive, 3D, EV 93.8 MPH)
Batting: RHB Yankel Pensak 0-0: SINGLE (Flyball, 8RS, EV 95.0 MPH)
Carlos Avila to second
Batting: RHB António Scarlett 0-0: Foul Ball, location: 2F
0-1: Swinging Strike
0-2: Fielders Choice at 2nd, 6-4 (Groundball, 6M, EV 102.5 MPH)
Carlos Avila to third
Batting: SHB Isaiah Bias 0-0: Foul Ball, location: 2F
0-1: Ball
1-1: Ball
2-1: Ground out 6-3 (Groundball, 6MS, EV 75.6 MPH)
Carlos Avila scores
António Scarlett to second
Batting: LHB Duda Pinho 0-0: SINGLE (Line Drive, 7S, EV 104.4 MPH)
António Scarlett to third
Runner from 3rd tries for Home, SAFE, throw by LF to home
Pitching: RHP Adam Kelly
Batting: LHB Iestyn Peacock 0-0: Ball
1-0: Ball
2-0: Called Strike
2-1: Called Strike
2-2: Strikes out looking
Bottom of the 5th over - 3 runs, 4 hits, 0 errors, 1 left on base; Hamilton 1 - Detroit 6
TOP OF THE 6TH
Hamilton Cardinals batting - Pitching for Detroit Red Wings : RHP Felipe Guevara
Batting: SHB Brad Meyer 0-0: Ball
1-0: Foul Ball, location: 2F
1-1: Foul Ball, location: 2F
1-2: Strikes out swinging
Batting: RHB Jonathan Winkler 0-0: Ball
1-0: Called Strike
1-1: Called Strike
1-2: Ball
2-2: Ball
3-2: Foul Ball, location: 2F
3-2: Strikes out swinging
Batting: RHB Juan Carrillo 0-0: SINGLE (Line Drive, 34D, EV 97.5 MPH)
Batting: RHB Mario Carbajal 0-0: Called Strike
0-1: Foul Ball, location: 2F
0-2: Ball
Juan Carrillo steals 2nd base (no throw)
1-2: Foul Ball, location: 2F
1-2: Ball
2-2: Fly out, F9 (Line Drive, 9, EV 87.5 MPH)
Top of the 6th over - 0 runs, 1 hit, 0 errors, 1 left on base; Hamilton 1 - Detroit 6
BOTTOM OF THE 6TH
Detroit Red Wings batting - Pitching for Hamilton Cardinals : RHP Adam Kelly
Batting: SHB Franklin Garza 0-0: Ground out 6-3 (Groundball, 6MD, EV 103.1 MPH)
Batting: RHB Yuusou Honda 0-0: Fly out, F7 (Flyball, 7D, EV 91.9 MPH)
Batting: RHB Alex Duarte 0-0: Ball
1-0: Ground out 6-3 (Groundball, 6D, EV 89.4 MPH)
Bottom of the 6th over - 0 runs, 0 hits, 0 errors, 0 left on base; Hamilton 1 - Detroit 6
TOP OF THE 7TH
Hamilton Cardinals batting - Pitching for Detroit Red Wings : RHP Felipe Guevara
Batting: LHB Rafael Banda 0-0: Ball
1-0: Ground out 1-3 (Groundball, 13, EV 73.1 MPH)
Batting: RHB Pablo Nunez 0-0: Swinging Strike
0-1: Called Strike
0-2: Ball
1-2: Ball
2-2: Foul Ball, location: 2F
2-2: Strikes out swinging
Batting: SHB J.T. Ready 0-0: Ball
1-0: Foul Ball, location: 2F
1-1: Ground out 6-3 (Groundball, 6, EV 97.5 MPH)
Top of the 7th over - 0 runs, 0 hits, 0 errors, 0 left on base; Hamilton 1 - Detroit 6
BOTTOM OF THE 7TH
Detroit Red Wings batting - Pitching for Hamilton Cardinals : RHP Adam Kelly
Batting: RHB Carlos Avila 0-0: Ball
1-0: Ball
2-0: Ball
3-0: Called Strike
3-1: SOLO HOME RUN (Flyball, 9D, EV 98.8 MPH), Distance : 377 ft
Batting: RHB Yankel Pensak 0-0: Fly out, F9 (Line Drive, 9D, EV 96.9 MPH)
Batting: RHB António Scarlett 0-0: Called Strike
0-1: Foul Ball, location: 2F
0-2: Ball
1-2: Foul Ball, location: 2F
1-2: Foul Ball, location: 2F
1-2: Strikes out swinging
Batting: SHB Isaiah Bias 0-0: Foul Ball, location: 2F
0-1: Ground out 6-3 (Groundball, 6MS, EV 70.6 MPH)
Bottom of the 7th over - 1 run, 1 hit, 0 errors, 0 left on base; Hamilton 1 - Detroit 7
TOP OF THE 8TH
Hamilton Cardinals batting - Pitching for Detroit Red Wings : RHP Felipe Guevara
Batting: RHB Shou-feng Chang 0-0: Fly out, F4 (Popup, 3D, EV 40.6 MPH)
Batting: LHB Pete Mitchell 0-0: Ball
1-0: Swinging Strike
1-1: Called Strike
1-2: Strikes out looking
Batting: SHB Brad Meyer 0-0: Ball
1-0: Ball
2-0: Swinging Strike
2-1: Foul Ball, location: 2F
2-2: Strikes out swinging
Top of the 8th over - 0 runs, 0 hits, 0 errors, 0 left on base; Hamilton 1 - Detroit 7
BOTTOM OF THE 8TH
Detroit Red Wings batting - Pitching for Hamilton Cardinals : RHP Adam Kelly
Batting: LHB Duda Pinho 0-0: Fly out, F8 (Flyball, 8LD, EV 99.4 MPH)
Batting: LHB Iestyn Peacock 0-0: DOUBLE (Flyball, 8RXD, EV 108.1 MPH)
Batting: SHB Franklin Garza 0-0: Ball
1-0: Called Strike
1-1: Swinging Strike
1-2: Ball
2-2: Foul Ball, location: 2F
2-2: Strikes out swinging
Batting: RHB John Barton 0-0: Ball
1-0: Foul Ball, location: 2F
1-1: Swinging Strike
1-2: Ball
2-2: Ball
3-2: Base on Balls
Batting: RHB Alex Duarte 0-0: SINGLE (Groundball, 4MD, EV 103.1 MPH)
Iestyn Peacock to third
John Barton to second
Runner from 3rd tries for Home, SAFE, throw by CF to home
Batting: RHB Carlos Avila 0-0: Ball
1-0: Called Strike
1-1: Swinging Strike
1-2: Foul Ball, location: 2F
1-2: Foul Ball, location: 2F
1-2: Ball
2-2: Foul Ball, location: 2F
2-2: Ball
3-2: Foul Ball, location: 2F
3-2: Base on Balls
John Barton to third
Alex Duarte to second
Batting: RHB Yankel Pensak 0-0: Ball
1-0: Ball
2-0: Ball
3-0: Called Strike
3-1: Base on Balls
John Barton scores
Alex Duarte to third
Carlos Avila to second
Pitching: RHP Jung-joon Chon
Batting: RHB António Scarlett 0-0: Called Strike
0-1: Ball
1-1: Swinging Strike
1-2: Strikes out swinging
Bottom of the 8th over - 2 runs, 2 hits, 0 errors, 3 left on base; Hamilton 1 - Detroit 9
TOP OF THE 9TH
Hamilton Cardinals batting - Pitching for Detroit Red Wings : RHP Felipe Guevara
Pinch Hitting: RHB Diego Herrera 0-0: Foul Ball, location: 2F
0-1: Fly out, F6 (Line Drive, 6, EV 61.2 MPH)
Pinch Hitting: LHB Mike East 0-0: Ball
1-0: Ball
2-0: Ball
3-0: Base on Balls
Pinch Hitting: SHB Felipe Campanella 0-0: Ball
1-0: Foul Ball, location: 2F
1-1: Foul Ball, location: 2F
1-2: Ball
2-2: Foul Ball, location: 2F
2-2: Ball
3-2: Strikes out swinging
Mike East steals 2nd base (no throw)
Batter strikes out.
Batting: LHB Rafael Banda 0-0: Ball
1-0: Ball
2-0: Swinging Strike
2-1: Foul Ball, location: 2F
2-2: Strikes out swinging
Top of the 9th over - 0 runs, 0 hits, 0 errors, 1 left on base; Hamilton 1 - Detroit 9
Thursday, December 15th , 2022 - OOTP Baseball 23.9 Build 102